Map: Blueshift LE

Players

Elazer

  • Race: Zerg Zerg
  • Spawn Location: 1:00

Zanster - Winner!

  • Race: Zerg Zerg
  • Spawn Location: 7:00

Event: WCS Montreal 2018

VOD

Have the link to the VOD?

Description

Time

  • Played on: Sept. 7, 2018, 7:45 p.m.
  • Length: 4:17

All games in this series

Show
View Real Time Build Order
Export as new Build Order

Elazer Zerg 

Build Orders: Pool First 

Get SALT Encoding   

  12  0:18  Spawning Pool  
  12  0:20  Drone  
  12  0:25  Drone  
  13  0:30  Drone  
  14  0:39  Overlord  
  14  1:04  Zergling x6  
  17  1:14  Hatchery  
  17  1:17  Zergling x2  
  17  1:27  Zergling x2  
  17  1:31  Queen  
  20  1:38  Zergling x2  
  21  1:51  Overlord  
  20  2:01  Drone  
  21  2:09  Queen  
  21  2:11  Drone  
  24  2:21  Drone  
  25  2:26  Spine Crawler  
  25  2:27  Drone  
  25  2:30  Drone  
  26  2:38  Drone x2  
  26  2:42  Drone x2  
  30  2:47  Overlord  
  30  2:48  Drone  
  31  2:56  Queen  
  31  2:57  Drone  
  35  2:59  Drone  
  36  3:05  Drone  
  36  3:11  Drone  
  38  3:15  Drone  
  39  3:21  Extractor x2, Drone  
  39  3:26  Drone x2  
  39  3:27  Drone  
  39  3:28  Drone  
  39  3:33  Evolution Chamber  
  40  3:34  Roach Warren  
  40  3:38  Evolution Chamber  
  40  3:40  Evolution Chamber  
  39  3:41  Spine Crawler  
  39  3:43  Evolution Chamber  
  38  3:48  Evolution Chamber  
  38  3:49  Zergling x4  
  38  3:51  Zergling x2  
  38  3:54  Evolution Chamber  
  38  3:55  Zergling x2  
  36  3:59  Zergling x4  
  35  4:06  Evolution Chamber  
  24  4:15  Evolution Chamber  
Show
View Real Time Build Order
Export as new Build Order

Zanster Zerg - Winner!

Build Orders: Pool First 

Get SALT Encoding   

  12  0:18  Spawning Pool  
  11  0:22  Drone  
  11  0:26  Drone  
  13  0:31  Drone  
  14  0:42  Overlord  
  14  1:05  Zergling x2  
  14  1:06  Zergling x4, Queen  
  14  1:10  Extractor  
  18  1:16  Zergling x2  
  19  1:27  Zergling x2  
  20  1:35  Hatchery  
  19  1:40  Drone  
  20  1:51  Drone  
  21  2:00  Overlord  
  21  2:10  Drone  
  21  2:12  Metabolic Boost  
  22  2:20  Drone  
  22  2:21  Drone  
  24  2:27  Drone  
  24  2:28  Drone  
  26  2:47  Zergling x2  
  26  2:48  Zergling x4, Queen  
  30  2:54  Zergling x4  
  30  2:56  Zergling x2  
  33  3:02  Overlord  
  33  3:05  Zergling x2  
  34  3:13  Zergling x4  
  36  3:23  Zergling x8  
  36  3:26  Zergling x2  
  41  3:33  Overlord  
  41  3:36  Zergling x2  
  41  3:49  Zergling x4  
Tags
 
Add a new tag
Caveats
  • Supply blocks, unpowered buildings, or Contaminate may cause inaccurate times.
  • Supply counts are checked every 10 seconds.